 Dungeon Crawl Stone Soup version 0.29.0-4-gdea44cf6ec (webtiles) character file.

Game seed: 7410286836840205584

18301 qw the Brawler (level 12, -1/114 HPs)
             Began as a Troll Cinder Acolyte on Sept 1, 2022.
             Was an Initiate of Okawaru.
             Slain by a ten-headed hydra (10 damage)
             ... on level 2 of the Lair of Beasts.
             The game lasted 00:05:26 (10269 turns).

qw the Brawler (Troll Cinder Acolyte)              Turns: 10269, Time: 00:05:26

Health: -1/114     AC: 16    Str: 29    XL:     12   Next: 26%
Magic:  12/12      EV:  8    Int: 10    God:    Okawaru [......]
Gold:   351        SH:  9    Dex:  5    Spells: 13/13 levels left

rFire   . . .      SeeInvis .     - Unarmed
rCold   . . .      Faith    .   e - +0 kite shield
rNeg    . . .      Spirit   .   q - +3 swamp dragon scales
rPois   +          Reflect  .   p - +2 hat {Will+}
rElec   .          Harm     .   c - +0 cloak
rCorr   .          Rampage  .   (gloves unavailable)
Will    +....                   (boots unavailable)
Stlth   ..........              f - amulet of the acrobat
HPRegen 1.09/turn               (no ring)
MPRegen 0.13/turn               (no ring)

@: about to teleport, fire susceptible
A: large, unfitting armour, claws 3, regeneration 1, shaggy fur 1, tough skin 1
a: Renounce Religion


You were on level 2 of the Lair of Beasts.
You worshipped Okawaru.
Okawaru was noncommittal.
You visited 3 branches of the dungeon, and saw 12 of its levels.

You collected 755 gold pieces.
You spent 404 gold pieces at shops.


Innate Abilities, Weirdness & Mutations

You are too large for most types of armour.
You have claws for hands.
Your natural rate of healing is unusually fast.
You are covered in fur. (AC +1)
You have tough skin. (AC +1)


   Skills:
 - Level 6.0 Fighting
 - Level 2.6 Throwing
 - Level 3.1 Armour
 - Level 1.1 Dodging
 + Level 10.3 Shields
 - Level 15.0 Unarmed Combat
 - Level 1.0 Spellcasting
 - Level 2.1 Fire Magic


You had 13 spell levels left.
You didn't know any spells.
Your spell library contained the following spells:

 Spells                   Type           Power      Damage    Failure   Level
 Scorch                   Fire           8%         2d5       50%         2

Inventory:

Missiles
 l - 4 boomerangs (quivered)
Armour
 c - a +0 cloak (worn)
 e - a +0 kite shield (worn)
 h - a +2 robe of fire resistance
 p - a +2 hat of willpower (worn)
 q - +3 swamp dragon scales (worn)
Jewellery
 f - an amulet of the acrobat (around neck)
Scrolls
 a - a scroll of enchant weapon
 k - 2 scrolls of teleportation
 o - 4 scrolls of identify
Potions
 b - 3 potions of cancellation
 d - 2 potions of curing
 g - 4 potions of might
 j - a potion of mutation
 m - a potion of resistance

Dungeon Overview and Level Annotations

Branches:
Dungeon (9/15)             Temple (1/1) D:6            Lair (2/5) D:9
  Swamp: Lair:2-3    Shoals: Lair:2-3     Snake: Lair:2-3    Spider: Lair:2-3
    Orc: D:9-12

Altars:
Cheibriados
Dithmenos
Elyvilon
Fedhas
Hepliaklqana
Kikubaaqudgha
Makhleb
Nemelex Xobeh
Okawaru
Ru
Sif Muna
Uskayaw
Vehumet
Wu Jian
Xom
Zin
The Shining One

Shops:
D:1 (   D:9 ?


Message History

The eight-headed hydra bites you but does no damage.
The eight-headed hydra bites you.
The eight-headed hydra bites you but does no damage.
The eight-headed hydra barely misses you.
You barely miss the eight-headed hydra.
The eight-headed hydra is heavily wounded.
You tear one of the eight-headed hydra's heads off!
The seven-headed hydra grows two more!
You scratch the nine-headed hydra.
The nine-headed hydra is heavily wounded.
You block the nine-headed hydra's attack. x2
The nine-headed hydra closely misses you.
You block the nine-headed hydra's attack.
The nine-headed hydra closely misses you.
The nine-headed hydra bites you.
The nine-headed hydra bites you but does no damage. x3
You scratch the nine-headed hydra.
The nine-headed hydra is heavily wounded.
The nine-headed hydra closely misses you.
You block the nine-headed hydra's attack.
The nine-headed hydra bites you. x2
The nine-headed hydra barely misses you.
The nine-headed hydra bites you but does no damage. x3
The nine-headed hydra bites you!
You tear one of the nine-headed hydra's heads off!
The eight-headed hydra grows two more!
You mangle the ten-headed hydra!!
The ten-headed hydra is severely wounded.
The ten-headed hydra bites you! The ten-headed hydra bites you.
You block the ten-headed hydra's attack.
The ten-headed hydra bites you but does no damage.
The ten-headed hydra bites you. The ten-headed hydra bites you!
You block the ten-headed hydra's attack.
The ten-headed hydra bites you but does no damage.
The ten-headed hydra bites you.
The ten-headed hydra bites you but does no damage.
10269 ||| READING 3 scrolls of teleportation.
As you read the scroll of teleportation, it crumbles to dust.
You feel strangely unstable.
You block the ten-headed hydra's attack.
The ten-headed hydra bites you! x2
You die...

##.........#............#
#..............(.#P..#...
##P##..........(###.##...
#######..........######...
#..# ##..........###P#..#
##.## ###.....?%.....#..#
#..####.#..#.#..........#
###...##.D####...........
##....@## ##.%%.D......
#....#####....%....#..
###...###.#....#..<..>.
##....###.#....###(.(...
#.....##.#...####.......
###......#....#####.......
#....................###..
##..#####..........)..##.#
##.### #..##P###.....#..#


You could see a ten-headed hydra.

Vanquished Creatures
  Gastronok (Lair:2)
  Erica (D:8)
  A two-headed ogre (D:6)
  Pikel (D:6)
  3 elephants (Lair:1)
  Maurice (D:8)
  Joseph (D:8)
  4 black mambas
  Maggie (D:8)
  5 cane toads
  A rime drake (Lair:1)
  4 komodo dragons
  Psyche (D:8)
  2 kobold demonologists (D:9)
  2 hornets
  3 polar bears
  6 blink frogs
  A wyvern (D:7)
  16 yaks
  2 acid dragons (D:9)
  9 water moccasins
  3 ice beasts
  An orc warrior (D:9)
  2 black bears
  2 ogres
  2 centaurs (D:7)
  A phantom (D:7)
  2 lemures (D:6)
  6 bullfrogs
  2 kobold brigands (D:9)
  2 necrophages
  4 scorpions
  4 wights (D:9)
  4 killer bees (D:8)
  5 howler monkeys
  2 hounds
  4 orc priests
  5 jellies
  2 gnoll boudas
  2 iguanas
  3 orc wizards
  8 gnolls
  11 adders
  2 white imps
  5 worms
  3 dart slugs
  16 orcs
  7 ball pythons
  6 bats
  5 endoplasms
  3 giant cockroaches (D:2)
  12 goblins
  8 hobgoblins
  5 jackals
  8 kobolds
  2 quokkas (D:1)
  2 frilled lizards (D:2)
  9 rats
236 creatures vanquished.

Vanquished Creatures (others)
  A quokka (D:9)
  7 fungi
  2 plants
10 creatures vanquished.

Grand Total: 246 creatures vanquished

Notes
Turn   | Place    | Note
-------+----------+-------------------------------------------
     0 | D:1      | qw the Troll Cinder Acolyte began the quest for the Orb.
     0 | D:1      | Reached XP level 1. HP: 22/22 MP: 1/1
     0 | D:1      | 0 ||| qw: Version: 0.1-a-97-g2dd2ca4
     0 | D:1      | 0 ||| qw: Game counter: 4893
     0 | D:1      | 0 ||| qw: Always use a shield: true
     0 | D:1      | 0 ||| qw: God list: Okawaru
     0 | D:1      | 0 ||| qw: Allow faded altars: false
     0 | D:1      | 0 ||| qw: Do Orc after D:15 true
     0 | D:1      | 0 ||| qw: Do second Lair branch before Depths: true
     0 | D:1      | 0 ||| qw: Lair rune preference: random
     0 | D:1      | 0 ||| qw: Plans: Normal
     0 | D:1      | 0 ||| PLANNING D:1-11
   146 | D:1      | Found a faded altar of an unknown god.
   349 | D:1      | Reached XP level 2. HP: 29/29 MP: 2/2
   511 | D:1      | 511 ||| Stepping ~*~*~tactically~*~*~ (stealth).
   536 | D:1      | Found Tiros's Weapon Shop.
   730 | D:1      | 730 ||| READING scroll labelled OLONUBB IJARGH.
   731 | D:1      | 731 ||| READING scroll labelled YRESOTICSA.
   746 | D:1      | 746 ||| READING scroll labelled OSYAWY DIASUA.
   847 | D:1      | 847 ||| READING scroll labelled JODAPO BUYBORE.
   848 | D:1      | 848 ||| READING scroll labelled QIGGES JAKUDAA.
   849 | D:1      | 849 ||| DRINKING 2 cyan potions.
   863 | D:2      | 863 ||| Stepping ~*~*~tactically~*~*~ (outnumbered).
   867 | D:2      | Reached skill level 4 in Unarmed Combat
  1035 | D:2      | Reached XP level 3. HP: 36/36 MP: 3/3
  1075 | D:2      | 1075 ||| Stepping ~*~*~tactically~*~*~ (stealth).
  1098 | D:2      | 1098 ||| Stepping ~*~*~tactically~*~*~ (stealth).
  1126 | D:2      | 1126 ||| Stepping ~*~*~tactically~*~*~ (stealth).
  1193 | D:2      | Reached XP level 4. HP: 43/44 MP: 4/4
  1256 | D:2      | Reached skill level 5 in Unarmed Combat
  1668 | D:2      | 1668 ||| UPGRADING to amulet of guardian spirit.
  1673 | D:2      | 1673 ||| READING scroll labelled RIRGHI JIRYMN.
  1674 | D:2      | 1674 ||| READING 2 scrolls labelled KETTOO VISUTHENN.
  1679 | D:2      | 1679 ||| READING scroll labelled BAUWAVEKKI.
  1751 | D:3      | 1751 ||| Stepping ~*~*~tactically~*~*~ (hiding).
  1876 | D:3      | Reached XP level 5. HP: 34/50 MP: 2/5
  2131 | D:3      | Found a sacrificial altar of Ru.
  2133 | D:3      | Found a sparkling altar of Nemelex Xobeh.
  2213 | D:3      | 2213 ||| Stepping ~*~*~tactically~*~*~ (outnumbered).
  2217 | D:3      | 2217 ||| Stepping ~*~*~tactically~*~*~ (outnumbered).
  2219 | D:3      | Reached skill level 6 in Unarmed Combat
  2297 | D:3      | 2297 ||| Stepping ~*~*~tactically~*~*~ (stealth).
  2299 | D:3      | 2299 ||| Stepping ~*~*~tactically~*~*~ (hiding).
  2581 | D:3      | 2581 ||| Stepping ~*~*~tactically~*~*~ (stealth).
  2599 | D:3      | 2599 ||| INVOKING Fiery Armour.
  2605 | D:3      | 2605 ||| Stepping ~*~*~tactically~*~*~ (outnumbered).
  2606 | D:3      | 2606 ||| Stepping ~*~*~tactically~*~*~ (outnumbered).
  2614 | D:3      | Reached XP level 6. HP: 55/59 MP: 6/6
  2633 | D:3      | Reached skill level 7 in Unarmed Combat
  2881 | D:3      | 2881 ||| DRINKING 2 dark potions.
  2882 | D:3      | 2882 ||| DRINKING 2 metallic emerald potions.
  2883 | D:3      | 2883 ||| DRINKING 2 smoky cyan potions.
  2884 | D:3      | 2884 ||| DROPPING potion of degeneration.
  2885 | D:3      | 2885 ||| DROPPING potion of flight.
  2901 | D:4      | 2901 ||| Stepping ~*~*~tactically~*~*~ (stealth).
  2905 | D:4      | 2905 ||| Stepping ~*~*~tactically~*~*~ (outnumbered).
  2906 | D:4      | 2906 ||| Stepping ~*~*~tactically~*~*~ (outnumbered).
  2909 | D:4      | 2909 ||| Stepping ~*~*~tactically~*~*~ (outnumbered).
  2914 | D:4      | 2914 ||| Stepping ~*~*~tactically~*~*~ (outnumbered).
  3056 | D:4      | 3056 ||| Stepping ~*~*~tactically~*~*~ (stealth).
  3118 | D:4      | Reached skill level 8 in Unarmed Combat
  3183 | D:4      | Reached skill level 3 in Fighting
  3183 | D:4      | Reached XP level 7. HP: 67/67 MP: 7/7
  3189 | D:4      | 3189 ||| Stepping ~*~*~tactically~*~*~ (stealth).
  3224 | D:4      | Found a blossoming altar of Fedhas.
  3438 | D:4      | 3438 ||| UPGRADING to +2 hat.
  3443 | D:4      | 3443 ||| READING scroll labelled PEOCUD JUAQUI.
  3444 | D:4      | 3444 ||| READING scroll labelled ZILAUSHRO YFAH.
  3445 | D:4      | 3445 ||| READING scroll labelled VOXU ELAONT.
  3446 | D:4      | 3446 ||| DRINKING 2 puce potions.
  3447 | D:4      | 3447 ||| DROPPING potion of attraction.
  3466 | D:5      | Entered Level 5 of the Dungeon
  3527 | D:5      | 3527 ||| INVOKING Fiery Armour.
  3923 | D:5      | Reached skill level 9 in Unarmed Combat
  4091 | D:5      | 4091 ||| Stepping ~*~*~tactically~*~*~ (hiding).
  4280 | D:5      | 4280 ||| Stepping ~*~*~tactically~*~*~ (stealth).
  4290 | D:5      | Reached skill level 1 in Dodging
  4290 | D:5      | Reached XP level 8. HP: 72/75 MP: 8/8
  4481 | D:5      | Found an ornate altar of the Wu Jian Council.
  4482 | D:5      | 4482 ||| DRINKING 2 white potions.
  4581 | D:6      | Noticed a two-headed ogre
  4582 | D:6      | 4582 ||| INVOKING Fiery Armour.
  4584 | D:6      | Found a staircase to the Ecumenical Temple.
  4588 | D:6      | Killed a two-headed ogre
  4589 | D:6      | Reached skill level 10 in Unarmed Combat
  4639 | D:6      | Identified the +2 buckler "Urier" {Str+3}
  4652 | D:6      | 4652 ||| Stepping ~*~*~tactically~*~*~ (stealth).
  4655 | D:6      | Noticed Pikel
  4660 | D:6      | 4660 ||| Stepping ~*~*~tactically~*~*~ (outnumbered).
  4661 | D:6      | 4661 ||| Stepping ~*~*~tactically~*~*~ (outnumbered).
  4662 | D:6      | 4662 ||| Stepping ~*~*~tactically~*~*~ (outnumbered).
  4663 | D:6      | 4663 ||| Stepping ~*~*~tactically~*~*~ (outnumbered).
  4664 | D:6      | 4664 ||| Stepping ~*~*~tactically~*~*~ (outnumbered).
  4666 | D:6      | 4666 ||| Stepping ~*~*~tactically~*~*~ (outnumbered).
  4667 | D:6      | 4667 ||| Stepping ~*~*~tactically~*~*~ (outnumbered).
  4668 | D:6      | 4668 ||| Stepping ~*~*~tactically~*~*~ (outnumbered).
  4680 | D:6      | Killed Pikel
  4681 | D:6      | Reached XP level 9. HP: 80/88 MP: 7/9
  4720 | D:6      | Found a snail-covered altar of Cheibriados.
  4729 | D:6      | 4729 ||| Stepping ~*~*~tactically~*~*~ (stealth).
  5069 | D:7      | Reached skill level 11 in Unarmed Combat
  5082 | D:7      | 5082 ||| Stepping ~*~*~tactically~*~*~ (hiding).
  5084 | D:7      | 5084 ||| Stepping ~*~*~tactically~*~*~ (hiding).
  5245 | D:7      | 5245 ||| Stepping ~*~*~tactically~*~*~ (hiding).
  5246 | D:7      | 5246 ||| Stepping ~*~*~tactically~*~*~ (hiding).
  5270 | D:7      | 5270 ||| Stepping ~*~*~tactically~*~*~ (stealth).
  5289 | D:7      | Reached skill level 12 in Unarmed Combat
  5306 | D:7      | 5306 ||| Stepping ~*~*~tactically~*~*~ (hiding).
  5568 | D:7      | 5568 ||| Stepping ~*~*~tactically~*~*~ (stealth).
  5646 | D:7      | 5646 ||| READING scroll labelled EXKEJISY QIWA.
  5879 | D:8      | Noticed Erica
  5880 | D:8      | 5880 ||| INVOKING Fiery Armour.
  5895 | D:8      | HP: 19/88 [something (8)]
  5897 | D:8      | HP: 7/88 [something (4)]
  5898 | D:8      | Killed Erica
  5899 | D:8      | Reached skill level 13 in Unarmed Combat
  5899 | D:8      | Reached XP level 10. HP: 8/96 MP: 0/10
  6005 | D:8      | Noticed Joseph
  6006 | D:8      | 6006 ||| Stepping ~*~*~tactically~*~*~ (hiding).
  6008 | D:8      | 6008 ||| Stepping ~*~*~tactically~*~*~ (hiding).
  6018 | D:8      | Killed Joseph
  6071 | D:8      | Noticed Maurice
  6103 | D:8      | Killed Maurice
  6220 | D:8      | Noticed Maggie
  6221 | D:8      | 6221 ||| Stepping ~*~*~tactically~*~*~ (hiding).
  6231 | D:8      | Killed Maggie
  6232 | D:8      | Reached skill level 14 in Unarmed Combat
  6547 | D:8      | Found a hazy altar of Hepliaklqana.
  6655 | D:8      | Noticed Psyche
  6656 | D:8      | 6656 ||| Stepping ~*~*~tactically~*~*~ (hiding).
  6663 | D:8      | Killed Psyche
  6793 | D:8      | 6793 ||| Stepping ~*~*~tactically~*~*~ (stealth).
  6795 | D:8      | 6795 ||| Stepping ~*~*~tactically~*~*~ (stealth).
  6950 | D:8      | 6950 ||| UPGRADING to +0 cloak.
  6955 | D:8      | 6955 ||| UPGRADING to +2 robe of fire resistance.
  6965 | D:8      | 6965 ||| DROPPING +0 robe.
  6966 | D:8      | 6966 ||| UPGRADING to +0 swamp dragon scales.
  6976 | D:8      | 6976 ||| READING scroll labelled IZUSUL RISEOTT.
  6977 | D:8      | 6977 ||| DRINKING 2 pink potions.
  6978 | D:8      | 6978 ||| READING 3 scrolls of identify.
  6978 | D:8      | 6978 ||| IDENTIFYING fuming sapphire potion
  6979 | D:8      | 6979 ||| READING 2 scrolls of identify.
  6979 | D:8      | 6979 ||| IDENTIFYING amethyst potion
  6980 | D:8      | 6980 ||| DROPPING potion of lignification.
  6981 | D:8      | 6981 ||| DROPPING potion of ambrosia.
  7029 | D:9      | Found a radiant altar of Vehumet.
  7047 | D:9      | Found a white marble altar of Elyvilon.
  7054 | D:9      | 7054 ||| Stepping ~*~*~tactically~*~*~ (stealth).
  7059 | D:9      | 7059 ||| Stepping ~*~*~tactically~*~*~ (stealth).
  7062 | D:9      | 7062 ||| INVOKING Fiery Armour.
  7064 | D:9      | 7064 ||| Stepping ~*~*~tactically~*~*~ (outnumbered).
  7065 | D:9      | 7065 ||| Stepping ~*~*~tactically~*~*~ (outnumbered).
  7066 | D:9      | 7066 ||| Stepping ~*~*~tactically~*~*~ (hiding).
  7069 | D:9      | 7069 ||| Stepping ~*~*~tactically~*~*~ (outnumbered).
  7070 | D:9      | 7070 ||| Stepping ~*~*~tactically~*~*~ (outnumbered).
  7071 | D:9      | 7071 ||| Stepping ~*~*~tactically~*~*~ (outnumbered).
  7072 | D:9      | 7072 ||| Stepping ~*~*~tactically~*~*~ (hiding).
  7073 | D:9      | 7073 ||| Stepping ~*~*~tactically~*~*~ (hiding).
  7074 | D:9      | 7074 ||| Stepping ~*~*~tactically~*~*~ (outnumbered).
  7076 | D:9      | 7076 ||| Stepping ~*~*~tactically~*~*~ (outnumbered).
  7077 | D:9      | 7077 ||| Stepping ~*~*~tactically~*~*~ (outnumbered).
  7078 | D:9      | 7078 ||| Stepping ~*~*~tactically~*~*~ (outnumbered).
  7085 | D:9      | Reached skill level 1 in Armour
  7090 | D:9      | HP: 19/98 [ice devil[a kobold demonologist] (8)]
  7090 | D:9      | HP: 2/98 [ice devil[a kobold demonologist] (17)]
  7091 | D:9      | 7091 ||| READING 3 scrolls of teleportation.
  7092 | D:9      | 7092 ||| DRINKING potion of heal wounds.
  7197 | D:9      | Reached skill level 3 in Armour
  7282 | D:9      | Reached skill level 6 in Fighting
  7284 | D:9      | 7284 ||| Stepping ~*~*~tactically~*~*~ (outnumbered).
  7372 | D:9      | Found a flagged portal.
  7374 | D:9      | 7374 ||| INVOKING Fiery Armour.
  7390 | D:9      | 7390 ||| Stepping ~*~*~tactically~*~*~ (outnumbered).
  7396 | D:9      | 7396 ||| Stepping ~*~*~tactically~*~*~ (outnumbered).
  7398 | D:9      | 7398 ||| FLEEEEING.
  7399 | D:9      | 7399 ||| FLEEEEING.
  7404 | D:9      | 7404 ||| Stepping ~*~*~tactically~*~*~ (outnumbered).
  7465 | D:9      | Found Comin's Magic Scroll Boutique.
  7473 | D:9      | 7473 ||| BUYING scroll of enchant armour (112 gold).
  7473 | D:9      | Bought a scroll of enchant armour for 112 gold pieces
  7473 | D:9      | 7473 ||| BUYING scroll of enchant armour (112 gold).
  7473 | D:9      | Bought a scroll of enchant armour for 112 gold pieces
  7473 | D:9      | 7473 ||| BUYING scroll of identify (30 gold).
  7473 | D:9      | Bought a scroll of identify for 30 gold pieces
  7473 | D:9      | 7473 ||| BUYING scroll of identify (30 gold).
  7473 | D:9      | Bought a scroll of identify for 30 gold pieces
  7473 | D:9      | 7473 ||| BUYING scroll of identify (30 gold).
  7473 | D:9      | Bought a scroll of identify for 30 gold pieces
  7473 | D:9      | 7473 ||| BUYING scroll of teleportation (45 gold).
  7473 | D:9      | Bought a scroll of teleportation for 45 gold pieces
  7473 | D:9      | 7473 ||| BUYING scroll of teleportation (45 gold).
  7473 | D:9      | Bought a scroll of teleportation for 45 gold pieces
  7473 | D:9      | 7473 ||| READING 2 scrolls of enchant armour.
  7473 | D:9      | 7473 ||| ENCHANTING +0 swamp dragon scales.
  7474 | D:9      | 7474 ||| READING scroll of enchant armour.
  7474 | D:9      | 7474 ||| ENCHANTING +1 swamp dragon scales.
  7687 | D:9      | Found a staircase to the Lair.
  7770 | D:9      | 7770 ||| Stepping ~*~*~tactically~*~*~ (stealth).
  7982 | D:9      | 7982 ||| PLANNING LAIR
  7982 | D:9      | 7982 ||| UPGRADING to +0 kite shield.
  7987 | D:9      | 7987 ||| READING scroll labelled LYIDDO PASCHISU.
  7988 | D:9      | 7988 ||| DRINKING 2 glowing pink potions.
  7989 | D:9      | 7989 ||| READING 5 scrolls of identify.
  7989 | D:9      | 7989 ||| IDENTIFYING silvery potion
  7990 | D:9      | 7990 ||| READING 4 scrolls of identify.
  7990 | D:9      | 7990 ||| IDENTIFYING smoky green potion
  7991 | D:9      | 7991 ||| READING 3 scrolls of identify.
  7991 | D:9      | 7991 ||| IDENTIFYING red potion
  7992 | D:9      | 7992 ||| DROPPING potion of invisibility.
  7993 | D:9      | 7993 ||| DROPPING potion of magic.
  8041 | Lair:1   | Entered Level 1 of the Lair of Beasts
  8057 | Lair:1   | Reached skill level 1 in Shields
  8099 | Lair:1   | Noticed an elephant
  8101 | Lair:1   | Noticed an elephant
  8102 | Lair:1   | Noticed an elephant
  8109 | Lair:1   | 8109 ||| Stepping ~*~*~tactically~*~*~ (outnumbered).
  8110 | Lair:1   | 8110 ||| Stepping ~*~*~tactically~*~*~ (outnumbered).
  8111 | Lair:1   | 8111 ||| Stepping ~*~*~tactically~*~*~ (outnumbered).
  8112 | Lair:1   | 8112 ||| Stepping ~*~*~tactically~*~*~ (outnumbered).
  8113 | Lair:1   | 8113 ||| Stepping ~*~*~tactically~*~*~ (outnumbered).
  8114 | Lair:1   | 8114 ||| Stepping ~*~*~tactically~*~*~ (outnumbered).
  8115 | Lair:1   | 8115 ||| Stepping ~*~*~tactically~*~*~ (outnumbered).
  8118 | Lair:1   | Killed an elephant
  8119 | Lair:1   | Reached XP level 11. HP: 60/105 MP: 3/11
  8122 | Lair:1   | 8122 ||| INVOKING Fiery Armour.
  8125 | Lair:1   | HP: 24/105 [polar bear (5)]
  8126 | Lair:1   | 8126 ||| READING 4 scrolls of teleportation.
  8127 | Lair:1   | HP: 11/105 [polar bear (4)]
  8130 | Lair:1   | Reached skill level 3 in Shields
  8277 | Lair:1   | 8277 ||| Stepping ~*~*~tactically~*~*~ (stealth).
  8278 | Lair:1   | 8278 ||| Stepping ~*~*~tactically~*~*~ (stealth).
  8375 | Lair:1   | 8375 ||| Stepping ~*~*~tactically~*~*~ (stealth).
  8378 | Lair:1   | 8378 ||| Stepping ~*~*~tactically~*~*~ (stealth).
  8380 | Lair:1   | 8380 ||| INVOKING Fiery Armour.
  8382 | Lair:1   | 8382 ||| Stepping ~*~*~tactically~*~*~ (outnumbered).
  8543 | Lair:1   | 8543 ||| READING scroll of enchant armour.
  8543 | Lair:1   | 8543 ||| ENCHANTING +2 swamp dragon scales.
  8558 | Lair:1   | Reached skill level 6 in Shields
  8562 | Lair:1   | 8562 ||| INVOKING Fiery Armour.
  9052 | Lair:1   | 9052 ||| READING scroll labelled AMIURO OPIKUZU.
  9118 | Lair:2   | 9118 ||| Stepping ~*~*~tactically~*~*~ (outnumbered).
  9119 | Lair:2   | 9119 ||| Stepping ~*~*~tactically~*~*~ (outnumbered).
  9279 | Lair:2   | Noticed Gastronok
  9284 | Lair:2   | 9284 ||| INVOKING Fiery Armour.
  9286 | Lair:2   | 9286 ||| Stepping ~*~*~tactically~*~*~ (outnumbered).
  9288 | Lair:2   | 9288 ||| Stepping ~*~*~tactically~*~*~ (outnumbered).
  9295 | Lair:2   | 9295 ||| Stepping ~*~*~tactically~*~*~ (outnumbered).
  9296 | Lair:2   | 9296 ||| Stepping ~*~*~tactically~*~*~ (outnumbered).
  9297 | Lair:2   | 9297 ||| Stepping ~*~*~tactically~*~*~ (outnumbered).
  9298 | Lair:2   | 9298 ||| Stepping ~*~*~tactically~*~*~ (outnumbered).
  9300 | Lair:2   | 9300 ||| Stepping ~*~*~tactically~*~*~ (outnumbered).
  9301 | Lair:2   | 9301 ||| Stepping ~*~*~tactically~*~*~ (outnumbered).
  9302 | Lair:2   | 9302 ||| Stepping ~*~*~tactically~*~*~ (outnumbered).
  9304 | Lair:2   | 9304 ||| Stepping ~*~*~tactically~*~*~ (outnumbered).
  9305 | Lair:2   | 9305 ||| Stepping ~*~*~tactically~*~*~ (outnumbered).
  9306 | Lair:2   | 9306 ||| Stepping ~*~*~tactically~*~*~ (outnumbered).
  9308 | Lair:2   | 9308 ||| Stepping ~*~*~tactically~*~*~ (outnumbered).
  9309 | Lair:2   | 9309 ||| Stepping ~*~*~tactically~*~*~ (outnumbered).
  9310 | Lair:2   | 9310 ||| Stepping ~*~*~tactically~*~*~ (outnumbered).
  9311 | Lair:2   | 9311 ||| Stepping ~*~*~tactically~*~*~ (outnumbered).
  9312 | Lair:2   | 9312 ||| Stepping ~*~*~tactically~*~*~ (outnumbered).
  9313 | Lair:2   | 9313 ||| Stepping ~*~*~tactically~*~*~ (outnumbered).
  9314 | Lair:2   | 9314 ||| Stepping ~*~*~tactically~*~*~ (outnumbered).
  9315 | Lair:2   | 9315 ||| Stepping ~*~*~tactically~*~*~ (outnumbered).
  9316 | Lair:2   | 9316 ||| Stepping ~*~*~tactically~*~*~ (outnumbered).
  9319 | Lair:2   | 9319 ||| Stepping ~*~*~tactically~*~*~ (outnumbered).
  9326 | Lair:2   | Reached skill level 9 in Shields
  9329 | Lair:2   | 9329 ||| Stepping ~*~*~tactically~*~*~ (outnumbered).
  9330 | Lair:2   | 9330 ||| Stepping ~*~*~tactically~*~*~ (outnumbered).
  9331 | Lair:2   | 9331 ||| Stepping ~*~*~tactically~*~*~ (outnumbered).
  9332 | Lair:2   | 9332 ||| Stepping ~*~*~tactically~*~*~ (outnumbered).
  9358 | Lair:2   | Killed Gastronok
  9359 | Lair:2   | Reached XP level 12. HP: 49/114 MP: 5/12
  9549 | Lair:2   | 9549 ||| Stepping ~*~*~tactically~*~*~ (stealth).
  9551 | Lair:2   | 9551 ||| INVOKING Fiery Armour.
  9564 | Lair:2   | Reached skill level 15 in Unarmed Combat
  9826 | Lair:2   | Noticed a five-headed hydra
  9827 | Lair:2   | 9827 ||| FLEEEEING.
  9828 | Lair:2   | 9828 ||| FLEEEEING.
  9829 | Lair:2   | 9829 ||| FLEEEEING.
  9830 | Lair:2   | 9830 ||| FLEEEEING.
  9831 | Lair:2   | 9831 ||| INVOKING Fiery Armour.
  9834 | Lair:2   | 9834 ||| FLEEEEING.
  9835 | Lair:2   | 9835 ||| FLEEEEING.
  9836 | Lair:2   | 9836 ||| FLEEEEING.
  9837 | Lair:2   | 9837 ||| FLEEEEING.
  9838 | Lair:2   | 9838 ||| FLEEEEING.
  9839 | Lair:2   | 9839 ||| FLEEEEING.
  9840 | Lair:2   | 9840 ||| STAIRDANCE
  9842 | Lair:1   | 9842 ||| PLANNING TEMPLE
  9942 | Lair:1   | 9942 ||| UPGRADING to +2 hat of willpower.
  9952 | Lair:1   | 9952 ||| DROPPING +2 hat.
  9953 | Lair:1   | 9953 ||| READING scroll labelled WYHATWOYNY.
 10043 | Temple   | Entered the Ecumenical Temple
 10049 | Temple   | 10049 ||| PLANNING CONVERSION TO OKAWARU
 10057 | Temple   | Fell from the grace of Ignis
 10057 | Temple   | Became a worshipper of Warmaster Okawaru
 10058 | Temple   | 10058 ||| PLANNING LAIR
 10058 | Temple   | 10058 ||| REMOVING amulet of guardian spirit.
 10063 | Temple   | 10063 ||| UPGRADING to amulet of the acrobat.
 10068 | Temple   | 10068 ||| DROPPING amulet of guardian spirit.
 10253 | Lair:2   | 10253 ||| Stepping ~*~*~tactically~*~*~ (stealth).
 10254 | Lair:2   | 10254 ||| Stepping ~*~*~tactically~*~*~ (stealth).
 10255 | Lair:2   | 10255 ||| Stepping ~*~*~tactically~*~*~ (stealth).
 10268 | Lair:2   | HP: 23/114 [ten-headed hydra (9)]
 10269 | Lair:2   | 10269 ||| READING 3 scrolls of teleportation.
 10269 | Lair:2   | HP: 9/114 [ten-headed hydra (12)]
 10269 | Lair:2   | Slain by a ten-headed hydra

Levels and vault maps discovered:
D:1:      nzn_arrival_water_spiral, layout_loops_ring, serial_shops, shop,
          chequers_ecumenical_altar_twisty, minmay_misc_feat_iff,
          minmay_misc_feat_alley
D:2:      minmay_skewed_foursquare, layout_basic, minivault_24
D:3:      layout_basic, grunt_temple_overflow_open, hangedman_feature_mirror,
          skrybe_limestone_x
D:4:      layout_cave_pools, mainiacjoe_overflow_alcove_2
D:5:      layout_basic, lemuel_coloured_pillars_altar,
          minmay_a_box_with_orc_wizards_in_it
D:6:      layout_basic, kennysheep_mini_moat, minmay_temple_entry_slanted,
          uniq_pikel
D:7:      layout_cave_pools
D:8:      layout_layer_cave, mainiacjoe_overflow_catwalk, uniq_erica,
          uniq_maggie, uniq_maurice, uniq_joseph, uniq_psyche
D:9:      layout_cave_pods, nicolae_vehumet_radiance, elyvilon_altar_4,
          dpeg_oklobed_lair, enter_bailey_5, serial_shops,
          nicolae_shop_waterfront
Temple:   nicolae_temple_bog_church
Lair:1:   layout_regular_city, lemuel_fruit_fields
Lair:2:   layout_layer_cave, uniq_gastronok

Skill      XL: |  1  2  3  4  5  6  7  8  9 10 11 12 |
---------------+-------------------------------------+-----
Unarmed Combat | 4 5 6 8 9 10 13 14 15 | 15.0
Fighting       | 3 5 6 |  6.0
Throwing       | 2 |  2.6
Dodging        | 1 |  1.1
Armour         | 3 |  3.1
Shields        | 2 9 10 | 10.3
Spellcasting   | |  1.0
Fire Magic     | |  2.1

Action                   |  1- 3 |  4- 6 |  7- 9 | 10-12 || total
-------------------------+-------+-------+-------+-------++-------
Melee: Unarmed           |    83 |   124 |   170 |   341 ||   718
       Punch             |       |     5 |     7 |     9 ||    21
Throw: Boomerang         |       |    25 |    43 |    58 ||   126
       Javelin           |       |       |       |     7 ||     7
Invok: Fiery Armour      |       |     1 |     3 |     8 ||    12
  Use: Scroll            |     5 |     3 |     4 |    15 ||    27
       Potion            |     1 |     3 |     2 |     3 ||     9
Armor: Robe              |    27 |    27 |    52 |     7 ||   113
       Swamp dragon scal |       |       |       |   193 ||   193
Dodge: Dodged            |    21 |    43 |    65 |   103 ||   232
Block: Kite shield       |       |       |       |    92 ||    92

Table legend:
 A = Non-vault XP
 B = Vault XP
 C = Vault XP percentage of total XP
 D = Non-vault monster count
 E = Vault monster count
 F = Vault count percentage of total count
                 A         B        C        D         E       F
            +---------+---------+-------+---------+---------+-------
      Total |   21366 |    4779 |  18.3 |     212 |      22 |   9.4
            +---------+---------+-------+---------+---------+-------
        D:1 |      25 |       0 |   0.0 |      15 |       0 |   0.0
        D:2 |      59 |      39 |  39.8 |      19 |       9 |  32.1
        D:3 |     338 |       0 |   0.0 |      29 |       0 |   0.0
        D:4 |     466 |       0 |   0.0 |      25 |       0 |   0.0
        D:5 |     454 |      75 |  14.2 |      11 |       2 |  15.4
        D:6 |    1174 |     663 |  36.1 |      12 |       1 |   7.7
        D:7 |    1220 |       0 |   0.0 |      13 |       0 |   0.0
        D:8 |     998 |    2570 |  72.0 |      10 |       5 |  33.3
        D:9 |    2059 |       8 |   0.4 |      23 |       4 |  14.8
     Lair:1 |    6859 |       0 |   0.0 |      24 |       0 |   0.0
     Lair:2 |    7714 |    1424 |  15.6 |      31 |       1 |   3.1
            +---------+---------+-------+---------+---------+-------
